 Dungeon Crawl Stone Soup version 0.25-a0-781-gc44aebf4fe (webtiles) character file.

Game seed: 3262302528738218484, levelgen mode: deterministic

4080 Maedhros the Covert (level 10, -3/63 HPs)
             Began as an Octopode Artificer on Apr 16, 2020.
             Was an Elder of Cheibriados.
             Slain by a slime creature (21 damage)
             ... on level 9 of the Dungeon.
             The game lasted 00:18:23 (7743 turns).

Maedhros the Covert (Octopode Artificer)            Turns: 7743, Time: 00:18:24

Health: -3/63      AC:  1    Str: 21    XL:     10   Next: 25%
Magic:  12/12      EV: 16    Int: 22    God:    Cheibriados [****..]
Gold:   530        SH:  0    Dex: 25    Spells: 5/9 levels left

rFire    . . .     SeeInvis .     - Unarmed
rCold    . . .     Gourm    .   (no shield)
rNeg     . . .     Faith    .   (helmet restricted)
rPois    .         Spirit   .   (no amulet)
rElec    .         Reflect  .   u - ring of protection from magic
rCorr    .         Harm     .   (no ring)
MR       +....                  (no ring)
Stlth    ++++++....             (no ring)
HPRegen  0.20/turn              (no ring)
MPRegen  0.13/turn              (no ring)
                                (no ring)
                                (no ring)

@: very slow
A: almost no armour, stealthy swim, amphibious, 8 rings, constrict 8, camouflage
1, gelatinous body 1
a: Bend Time, Temporal Distortion, Slouch, Renounce Religion


You were on level 9 of the Dungeon.
You worshipped Cheibriados.
Cheibriados was greatly pleased with you.
You were hungry.

You visited 2 branches of the dungeon, and saw 10 of its levels.

You collected 530 gold pieces.

Inventory:

Hand Weapons
 A - a +1 dagger of protection
Missiles
 s - 38 poisoned darts (quivered)
 G - 6 javelins
Armour
 E - a +0 buckler
Jewellery
 u - a ring of protection from magic (left tentacle)
Wands
 w - a wand of random effects (21)
Scrolls
 g - 3 scrolls of enchant armour {unknown}
 j - 2 scrolls of identify
 k - 7 scrolls of remove curse
 l - 5 scrolls of immolation
 n - 2 scrolls of fear
 o - a scroll of noise {unknown}
 r - a scroll of magic mapping {unknown}
 t - 2 scrolls of enchant weapon
 v - 2 scrolls of amnesia
 x - 4 scrolls of teleportation
 C - a scroll of random uselessness {unknown}
 D - a scroll of vulnerability {unknown}
 F - a scroll of torment {unknown}
Potions
 b - 2 potions of brilliance
 d - a potion of flight
 h - a potion of magic
 i - 3 potions of resistance
 p - 3 potions of might
Comestibles
 f - 10 rations


   Skills:
 + Level 3.5 Fighting
 - Level 1.0 Short Blades
 + Level 3.9 Dodging
 - Level 10.0 Stealth
 + Level 3.2 Shields
 - Level 10.0 Unarmed Combat
 + Level 3.2 Summonings
 + Level 3.2 Air Magic
 - Level 3.2 Evocations


You had 5 spell levels left.
You knew the following spells:

 Your Spells              Type           Power        Failure   Level  Hunger
a - Summon Lightning Spi  Summ/Air       ##......     41%         4    #####..

Your spell library contained the following spells:

 Spells                   Type           Power        Failure   Level  Hunger
 Summon Small Mammal      Summ           ##..         4%          1    ##.....
 Call Imp                 Summ           ##......     7%          2    ###....
 Call Canine Familiar     Summ           ##......     14%         3    ####...
 Summon Guardian Golem    Hex/Summ       #.......     26%         3    ####...
 Summon Ice Beast         Ice/Summ       #.......     65%         4    #####..


Dungeon Overview and Level Annotations

Branches:
Dungeon (9/15)             Temple (1/1) D:6             Orc (0/2) D:9
   Lair: D:8-11

Altars:
Ashenzari
Cheibriados
Dithmenos
Elyvilon
Fedhas
Gozag
Hepliaklqana
Kikubaaqudgha
Makhleb
Nemelex Xobeh
Okawaru
Qazlal
Ru
Sif Muna
Trog
Uskayaw
Vehumet
Wu Jian
Xom
Yredelemnul
Zin
The Shining One
Lugonu

Shops:
D:6 [

Annotations:
D:4 1 transporter, karf's ghost, amateur MfGl
D:5 exclusion: statue
D:7 3 runed translucent doors, paps's ghost, novice OpFi


Innate Abilities, Weirdness & Mutations

You cannot wear most types of armour.
You are very stealthy in the water. (Stealth+)
You are amphibious.
You can wear up to eight rings at the same time.
You can use your tentacles to constrict eight enemies at once.
Your skin changes colour to match your surroundings (Stealth+).
Your rubbery body absorbs attacks. (AC +1, EV +1)


Message History

The slime creature completely misses you.
You barely miss the slime creature. You squeeze the slime creature!
The slime creature is almost dead.
You bludgeon the slime creature!
You kill the slime creature!
Cheibriados appreciates the change of pace.
You completely miss the slime creature. You bludgeon the slime creature!
You squeeze the slime creature.
The slime creature is moderately wounded.
The slime creature hits you!
You bludgeon the slime creature!
The slime creature is moderately wounded.
The slime creature hits you.
* * * LOW HITPOINT WARNING * * *
You tentacle-slap the slime creature but do no damage.
You tentacle-slap the slime creature!
You squeeze the slime creature, but do no damage.
The slime creature is heavily wounded.
The slime creature hits you!!
You die...

####..##### ##
#........... ..
..#####.#########.##
..#......#..#.##..J
#.#.###.###.#.#... ###
#.#..#...#..#.#.J##†.##
#.#.###.###.#.##.#....#
#....#...#.....##J##....#
#.#.###.###.#...@#.#
.#..#
..#..#...#..##..##..# # #
..#.###.###.##### ..#
..#..#...†..# .##
..#####.##### ##
..#.........#
#.#.#######.# #.# #
#.#..###


You could see a slime creature.

Vanquished Creatures
  A troll (D:9)
  2 hippogriffs
  2 slime creatures (D:9)
  A yak (D:8)
  Duvessa (D:7)
  2 water moccasins
  2 ice beasts
  An orc warrior (D:9)
  A sky beast (D:5)
  3 ogres
  A phantom (D:7)
  2 centaurs
  3 big kobolds
  A bullfrog (D:9)
  A gnoll sergeant (D:5)
  Dowan (D:7)
  7 worker ants
  A water moccasin skeleton (D:2)
  9 killer bees
  A centaur zombie (D:9)
  2 jellies (D:2)
  3 hounds
  3 orc wizards
  2 orc priests
  A centaur skeleton (D:6)
  A gnoll shaman (D:9)
  2 bullfrog skeletons
  2 iguanas
  6 gnolls
  4 adders
  2 shadow imps
  9 oozes
  An adder skeleton (D:5)
  2 worms
  A dart slug (D:3)
  4 leopard geckos
  26 orcs
  5 giant cockroaches
  A goblin (D:1)
  6 hobgoblins
  6 jackals
  A quokka (D:3)
  A ball python (D:3)
  2 bats (D:1)
  A frilled lizard (D:2)
  A giant cockroach zombie (D:5)
  15 kobolds
  A quokka zombie (D:5)
  12 rats
166 creatures vanquished.

Vanquished Creatures (collateral kills)
  A bullfrog (D:8)
  A howler monkey (D:5)
  A hound (D:8)
  A worker ant (D:5)
  2 gnolls (D:5)
  A worm (D:5)
7 creatures vanquished.

Vanquished Creatures (others)
  An ogre (D:4)
  7 toadstools (D:2)
8 creatures vanquished.

Grand Total: 181 creatures vanquished

Notes
Turn   | Place    | Note
-------+----------+-------------------------------------------
     0 | D:1      | Maedhros the Octopode Artificer began the quest for the
                  | Orb.
     0 | D:1      | Reached XP level 1. HP: 13/13 MP: 3/3
    77 | D:1      | Reached skill level 1 in Unarmed Combat
    79 | D:1      | Reached XP level 2. HP: 8/18 MP: 4/4
   854 | D:2      | You fall into a shaft and drop 1 floor!
  1106 | D:4      | Reached XP level 3. HP: 20/23 MP: 5/5
  1140 | D:4      | Noticed an ogre
  1147 | D:4      | Reached XP level 4. HP: 28/28 MP: 6/6
  1209 | D:4      | Reached XP level 5. HP: 19/33 MP: 7/7
  1234 | D:4      | Found a transporter.
  1238 | D:4      | Noticed karf's ghost (amateur MfGl)
  1323 | D:5      | Entered Level 5 of the Dungeon
  1567 | D:5      | Noticed an ogre
  1676 | D:5      | Killed an ogre
  1676 | D:5      | Reached skill level 5 in Stealth
  1676 | D:5      | Reached XP level 6. HP: 33/38 MP: 8/8
  1736 | D:5      | Found a radiant altar of Vehumet.
  1833 | D:5      | Reached skill level 5 in Unarmed Combat
  1873 | D:5      | Noticed a sky beast
  1949 | D:5      | Killed a sky beast
  2013 | D:5      | Found an opulent altar of Gozag.
  2102 | D:5      | Reached XP level 7. HP: 14/43 MP: 9/9
  2421 | D:6      | Found a staircase to the Ecumenical Temple.
  2430 | Temple   | Entered the Ecumenical Temple
  2451 | Temple   | Became a worshipper of Cheibriados the Contemplative
  2648 | D:3      | Found a shadowy altar of Dithmenos.
  3157 | D:2      | Reached * piety under Cheibriados
  3394 | D:2      | Found an iron altar of Okawaru.
  3607 | D:2      | You fall into a shaft and drop 2 floors!
  4103 | D:3      | Reached XP level 8. HP: 37/48 MP: 10/10
  4108 | D:3      | Found an ancient bone altar of Kikubaaqudgha.
  4110 | D:3      | Found a hazy altar of Hepliaklqana.
  4111 | D:3      | Found an ornate altar of the Wu Jian Council.
  4112 | D:3      | Found a burning altar of Makhleb.
  4701 | D:6      | Found a snail-covered altar of Cheibriados.
  4786 | D:6      | Found Ymublecui's Antique Armour Shop.
  4859 | D:6      | Found a shimmering altar of Xom.
  5015 | D:7      | Reached ** piety under Cheibriados
  5042 | D:7      | Found a runed translucent gate.
  5042 | D:7      | Found a runed translucent gate.
  5042 | D:7      | Found a runed translucent gate.
  5042 | D:7      | Noticed a white ugly thing
  5052 | D:7      | Noticed paps's ghost (novice OpFi)
  5088 | D:7      | Noticed Duvessa
  5091 | D:7      | Noticed Dowan
  5108 | D:7      | Killed Duvessa
  5112 | D:7      | Killed Dowan
  5120 | D:7      | HP: 1/48 [phantom (4)]
  5362 | D:7      | Found a glowing silver altar of Zin.
  5453 | D:7      | Found a hide-covered altar of Uskayaw.
  5467 | D:7      | Reached XP level 9. HP: 49/53 MP: 11/11
  5920 | D:8      | Reached *** piety under Cheibriados
  5981 | D:8      | Learned a level 4 spell: Summon Lightning Spire
  6071 | D:9      | Found a sacrificial altar of Ru.
  6201 | D:8      | Reached skill level 1 in Shields
  6201 | D:8      | Reached skill level 1 in Summonings
  6201 | D:8      | Reached skill level 1 in Air Magic
  6341 | D:8      | Reached skill level 10 in Stealth
  6398 | D:9      | Reached skill level 10 in Unarmed Combat
  6704 | D:9      | Found a staircase to the Orcish Mines.
  6723 | D:9      | Reached **** piety under Cheibriados
  6773 | D:9      | Found a shattered altar of Ashenzari.
  7127 | D:9      | Reached XP level 10. HP: 22/62 MP: 12/12
  7743 | D:9      | Slain by a slime creature

Levels and vault maps discovered:
D:1:      ncdulo_watergridlock, layout_basic, minmay_rat_gold_closets
D:2:      cheibrodos_fertilizer, layout_basic, okawaru_trees_1
D:3:      kennysheep_six_static_rooms, layout_basic,
          grunt_dithmenos_smoke_and_mirrors, minitemple, first_ration,
          kennysheep_pointless_box
D:4:      layout_basic, gammafunk_ghost_stat_death, kennysheep_generic_room_2
D:5:      layout_gridville, nicolae_gozag_seed_capital, vehumet_statue
D:6:      layout_cave_pools, kennysheep_mini_moat, minmay_temple_entry_waves,
          serial_shops, nicolae_shop_overgrown_old_shop, basic_altar,
          kennysheep_cross_room
D:7:      layout_cave_pools, eat_drink_and_be_merry_uskayaw, lemuel_round_altar,
          gammafunk_ghost_split, the_bakery, uniq_duvessa
D:8:      minmay_diamond_stairs, layout_basic
D:9:      layout_small_grid, kennysheep_little_box,
          nicolae_ru_sacrificial_ziggurat, david_orc_2, minmay_the_grid_2x2
          [minmay_the_grid_fan, minmay_the_grid_slots,
          minmay_the_grid_zigzag_pyramid, minmay_the_grid_prize_inner_circle]
Temple:   corrupted_temple

Skill      XL: |  1  2  3  4  5  6  7  8  9 10 |
---------------+-------------------------------+-----
Unarmed Combat | 1 2 3 4 5 7 9 10 | 10.0
Stealth        | 2 3 4 5 7 9 10 | 10.0
Shields        | 2 3 |  3.2
Summonings     | 2 3 |  3.2
Air Magic      | 2 3 |  3.2
Fighting       | 2 3 |  3.5
Dodging        | 3 |  3.9
Short Blades   | |  1.0
Evocations     | |  3.2

Action                   |  1- 3 |  4- 6 |  7- 9 | 10-12 || total
-------------------------+-------+-------+-------+-------++-------
Melee: Short sword       |    39 |    39 |    73 |       ||   151
       Tentacles         |     8 |    10 |    63 |    14 ||    95
       Constrict         |     5 |    12 |    55 |     4 ||    76
       Punch             |       |     1 |    27 |     7 ||    35
       Dagger            |       |       |   111 |       ||   111
       Unarmed           |       |       |    73 |    37 ||   110
Invok: Slouch            |       |       |     1 |       ||     1
Evoke: Wand              |     1 |    29 |    22 |       ||    52
  Use: Scroll            |       |       |    12 |       ||    12
       Potion            |       |       |     9 |       ||     9
 Stab: Sleeping          |     6 |     3 |    27 |     1 ||    37
       Paralysed         |       |       |     2 |       ||     2
       Distracted        |       |       |     1 |       ||     1
  Eat: Chunk             |     1 |     2 |    10 |       ||    13
Armor: Skin              |       |       |    33 |     1 ||    34
Dodge: Dodged            |    16 |    28 |   200 |    26 ||   270

Table legend:
 A = Non-vault XP
 B = Vault XP
 C = Vault XP percentage of total XP
 D = Non-vault monster count
 E = Vault monster count
 F = Vault count percentage of total count
                 A         B        C        D         E       F
            +---------+---------+-------+---------+---------+-------
      Total |    3924 |    1905 |  32.7 |     126 |      48 |  27.6
            +---------+---------+-------+---------+---------+-------
        D:1 |      16 |       7 |  30.4 |      11 |       7 |  38.9
        D:2 |      79 |     143 |  64.4 |       5 |      15 |  75.0
        D:3 |     128 |      64 |  33.3 |      18 |       6 |  25.0
        D:4 |     193 |      56 |  22.5 |      15 |       2 |  11.8
        D:5 |     514 |       0 |   0.0 |      15 |       0 |   0.0
        D:6 |     238 |       0 |   0.0 |       6 |       0 |   0.0
        D:7 |     730 |     235 |  24.4 |      17 |       2 |  10.5
        D:8 |     405 |     601 |  59.7 |      10 |       5 |  33.3
        D:9 |    1621 |     799 |  33.0 |      29 |      11 |  27.5
            +---------+---------+-------+---------+---------+-------
